 Dungeon Crawl Stone Soup version 0.23-a0-445-g768d57b80b (webtiles) character file.

4 Esekla the Magician (level 1, 0/13 HPs)
             Began as a Gnoll Wanderer on Nov 17, 2018.
             Slain by a bat (1 damage)
             ... on level 1 of the Dungeon.
             The game lasted 00:01:48 (103 turns).

Esekla the Magician (Gnoll Wanderer)                 Turns: 103, Time: 00:01:49

Health: 0/13       AC:  6    Str: 14    XL:     1   Next: 60%
Magic:  6/6        EV: 10    Int: 14    God:
Gold:   11         SH:  0    Dex: 14    Spells: 8/9 levels left

rFire    . . .     SeeInvis .   d - +0 club
rCold    . . .     Gourm    .   (no shield)
rNeg     . . .     Faith    .   b - +0 ring mail
rPois    .         Spirit   .   (no helmet)
rElec    .         Reflect  .   (no cloak)
rCorr    .         Harm     .   (no gloves)
MR       .....                  (no boots)
Stlth    +.........             (no amulet)
HPRegen  0.04/turn              (no ring)
MPRegen  0.10/turn              (no ring)

@: no status effects
A: distributed training, fangs 1, strong nose
a: no special abilities


You were on level 1 of the Dungeon.
You were not hungry.

You visited 1 branch of the dungeon, and saw 1 of its levels.

You collected 11 gold pieces.

Inventory:

Hand Weapons
 d - a +0 club (weapon)
Armour
 a - a +0 ring mail
 b - a +0 ring mail (worn)
Potions
 c - a potion of curing
Comestibles
 f - a ration


   Skills:
 + Level 0.0 Fighting
 + Level 0.0 Short Blades
 + Level 0.0 Long Blades
 + Level 0.0 Axes
 + Level 0.0 Maces & Flails
 + Level 0.0 Polearms
 + Level 0.0 Staves
 + Level 0.0 Slings
 + Level 2.3 Bows
 + Level 0.0 Crossbows
 + Level 0.0 Throwing
 + Level 4.4 Armour
 + Level 0.0 Dodging
 + Level 0.0 Stealth
 + Level 2.3 Shields
 + Level 0.0 Unarmed Combat
 + Level 4.8 Spellcasting
 + Level 0.0 Conjurations
 + Level 0.0 Hexes
 + Level 1.9 Charms
 + Level 0.0 Summonings
 + Level 0.0 Necromancy
 + Level 0.0 Translocations
 + Level 0.0 Transmutations
 + Level 0.0 Fire Magic
 + Level 3.6 Ice Magic
 + Level 0.0 Air Magic
 + Level 0.0 Earth Magic
 + Level 0.0 Poison Magic
 + Level 0.1 Invocations
 + Level 2.3 Evocations


You had 8 spell levels left.
You knew the following spells:

 Your Spells              Type           Power        Failure   Level  Hunger
a - Freeze                Ice            ##..         8%          1    None

Your spell library contained the following spells:

 Spells                   Type           Power        Failure   Level  Hunger
 Throw Frost              Conj/Ice       #.....       24%         2    ##.....
 Ozocubu's Armour         Chrm/Ice       ##......     32%         3    ###....
 Summon Ice Beast         Ice/Summ       #.......     85%         4    ####...
 Throw Icicle             Conj/Ice       #.......     85%         4    ####...


Dungeon Overview and Level Annotations

Branches:
Dungeon (1/15)

Altars:


Innate Abilities, Weirdness & Mutations

Your experience applies equally to all skills.
You have very sharp teeth.
Your uncanny sense of smell can sniff out nearby items.


Message History

The bat is severely wounded.
The bat barely misses you.
You closely miss the bat. Your bite misses the bat.
The bat is severely wounded.
The bat misses you. The bat closely misses you.
Your ring mail prevents you from hitting the bat.
The bat is severely wounded.
The bat closely misses you. The bat hits you but does no damage.
The bat barely misses you.
You hit the bat but do no damage.
The bat is severely wounded.
The bat barely misses you. The bat hits you.
* * * LOW HITPOINT WARNING * * *
You closely miss the bat.
The bat is moderately wounded.
The bat closely misses you.
You closely miss the bat.
The bat is moderately wounded.
The bat hits you but does no damage. The bat hits you.
You die...

.######.####.#
.............# ∆
#######(.########
# ...#.(..........
#.##.#.##..######
#....w.......#####
####.#.###...)....
#####w#.#
##.###### ∆
+.@bbK..####.##
#####.####....#
#.# #....## #.#
#.....# #.#
#...#.# #.#
#...#.# #.#
##...#.. .#
#....##.# #.####
.#


You could see a dart slug, 2 bats and a kobold.

Vanquished Creatures
  A dart slug (D:1)
  A hobgoblin (D:1)
2 creatures vanquished.

Notes
Turn   | Place    | Note
-------+----------+-------------------------------------------
     0 | D:1      | Esekla the Gnoll Wanderer began the quest for the Orb.
     0 | D:1      | Esekla set off with the following items: a +0 ring mail, a
                  | potion of curing, a +0 club, a ration; and the following
                  | spell memorised: Freeze; and the following spells available
                  | to memorise: Throw Frost, Ozocubu's Armour, Summon Ice
                  | Beast, Throw Icicle
     0 | D:1      | Reached XP level 1. HP: 13/13 MP: 6/6
     2 | D:1      | Noticed a dwarf
     2 | D:1      | Noticed a demonspawn
     4 | D:1      | Noticed a tengu
     6 | D:1      | Noticed a troll
     6 | D:1      | Noticed a naga
     8 | D:1      | Noticed a felid
     8 | D:1      | Noticed a centaur
    10 | D:1      | Noticed an elf
    10 | D:1      | Noticed a demigod
    12 | D:1      | Noticed a draconian
    12 | D:1      | Noticed a ghoul
    14 | D:1      | Noticed an octopode
    14 | D:1      | Noticed a merfolk
    17 | D:1      | Noticed an ogre
    17 | D:1      | Noticed a halfling
    21 | D:1      | Noticed a formicid
    23 | D:1      | Noticed a minotaur
    23 | D:1      | Noticed a vine stalker
    25 | D:1      | Noticed a spriggan
    25 | D:1      | Noticed a human
    27 | D:1      | Noticed a vampire
    27 | D:1      | Noticed a gargoyle
   103 | D:1      | Slain by a bat

Vault maps used:
D:1:      kb_arrival_jail

Action                   || total
-------------------------++-------
Melee: Club              ||    37
       Bite              ||     3
 Cast: Freeze            ||     2
Armor: Ring mail         ||    32
Dodge: Dodged            ||    36

Table legend:
 A = Non-vault XP
 B = Vault XP
 C = Vault XP percentage of total XP
 D = Non-vault monster count
 E = Vault monster count
 F = Vault count percentage of total count
                 A         B        C        D         E       F
            +---------+---------+-------+---------+---------+-------
      Total |       6 |       0 |   0.0 |       2 |       0 |   0.0
            +---------+---------+-------+---------+---------+-------
        D:1 |       6 |       0 |   0.0 |       2 |       0 |   0.0
            +---------+---------+-------+---------+---------+-------
